AoeStats
← TIMVP

Arena

508853855Analyzed
1v1 RM · 8d ago on Sep 24, 2026· 42m 37s· 2 players
Game mode
Random Map
Map size
Tiny (2 player)
Population
200
Speed
Normal
Resources
Standard
Victory
Conquest
Starting age
Dark Age
Ending age
Imperial Age
RankedLock teamsTeams togetherTeam positionsShared explorationLock speedFull tech treeHidden civsTurbo modeCheats
Victory
Defeat
🇹🇼 Vietnamese · Taiwan
492
+19
🇵🇪 Turks · Peru
555
-19
ya851005
11:56 Feudal Age
13:07 Loom
16:15 Castle Age
14:22 Double-Bit Axe
17:38 Gold Mining
20:09 Wheelbarrow
20:28 Bow Saw
20:42 Horse Collar
23:43 Hand Cart
23:17 Town Watch
28:11 Stone Mining
30:38 Stone Shaft Mining
29:34 Elite Skirmisher
30:20 Thumb Ring
30:11 Fletching
30:21 Padded Archer Armor
29:48 Pikeman
30:28 Squires
31:48 Town Patrol
33:35 Ballistics
36:01 Imperial Age
35:36 Bodkin Arrow
35:56 Leather Archer Armor
36:27 Halberdier
37:09 Squires
36:55 Arson
37:24 Elite Rattan Archer
38:24 Paper Money
37:45 Imperial Skirmisher
40:28 Bracer
40:58 Ring Archer Armor
TIMVP
6:05 Loom
12:20 Feudal Age
12:56 Double-Bit Axe
13:52 Wheelbarrow
16:17 Gold Mining
20:08 Castle Age
19:37 Stone Mining
26:02 Hand Cart
29:54 Horse Collar
31:11 Heavy Plow
35:28 Imperial Age
34:45 Gold Shaft Mining
37:01 Elite Janissary
38:26 Masonry
38:00 Treadmill Crane
Connection lost

Rejoining the realm…

Still unreachable

The connection could not be restored.

Session expired

The server has moved on; the page needs a fresh start.